 Dungeon Crawl Stone Soup version 0.23-a0-636-g0ff6057 (webtiles) character file.

823 galech the Chopper (level 7, -2/54 HPs)
             Began as a Demonspawn Fighter on Dec 28, 2018.
             Was an Initiate of Okawaru.
             Slain by a wraith (6 damage)
             ... in an ossuary.
             The game lasted 00:06:06 (5400 turns).

galech the Chopper (Demonspawn Fighter)             Turns: 5400, Time: 00:06:07

Health: -2/54      AC:  9    Str: 14 (17) XL:     7   Next: 63%
Magic:  7/7        EV:  6    Int:  7 (9)  God:    Okawaru [......]
Gold:   82         SH:  8    Dex: 13 (14) Spells: 6/6 levels left

rFire    . . .     SeeInvis .   a - +0 war axe
rCold    . . .     Gourm    .   c - +0 shield
rNeg     . . .     Faith    .   r - +0 chain mail
rPois    +         Spirit   .   (no helmet)
rElec    .         Reflect  .   (no cloak)
rCorr    .         Harm     .   (gloves unavailable)
MR       .....                  (no boots)
Stlth    ..........             (no amulet)
HPRegen  0.18/turn              g - ring of poison resistance
MPRegen  0.10/turn              e - ring of wizardry

@: slowed, heavily drained, very slow
A: claws 3, repulsion field 2
a: Renounce Religion


You were in an ossuary.
You worshipped Okawaru.
Okawaru was noncommittal.
You were not hungry.

You visited 2 branches of the dungeon, and saw 5 of its levels.
You also visited: Sewer and Ossuary.

You collected 82 gold pieces.

Inventory:

Hand Weapons
 a - a +0 war axe (weapon)
Armour
 c - a +0 shield (worn)
 r - a +0 chain mail (worn)
 s - a +2 robe of positive energy
Jewellery
 e - a ring of wizardry (right claw)
 g - a ring of poison resistance (left claw)
Wands
 w - a wand of acid (8)
 x - a wand of paralysis (11)
Scrolls
 b - 3 scrolls of identify
 d - 2 scrolls of teleportation
 h - 5 scrolls of remove curse
 i - a scroll of amnesia
 l - 4 scrolls of enchant weapon
 p - a scroll of enchant armour
 u - 2 scrolls of magic mapping {unknown}
 y - a scroll of random uselessness {unknown}
Potions
 j - 2 potions of haste {unknown}
 k - a potion of degeneration
 m - a potion of brilliance {unknown}
 o - a potion of flight {unknown}
 q - 2 potions of resistance {unknown}
 v - a potion of lignification {unknown}
 z - a potion of cancellation {unknown}
Comestibles
 f - 6 rations


   Skills:
 + Level 4.2(3.0) Fighting
 + Level 5.3(4.0) Axes
 + Level 4.7(3.4) Armour
 + Level 1.4(0.3) Dodging
 + Level 0.1(0.0) Stealth
 + Level 4.0(2.8) Shields


You had 6 spell levels left.
You didn't know any spells.
Your spell library was empty.

Dungeon Overview and Level Annotations

Branches:
Dungeon (4/15)             Temple (1/1) D:4

Altars:
Ashenzari
Elyvilon
Fedhas
Gozag
Hepliaklqana
Kikubaaqudgha
Makhleb
Nemelex Xobeh
Okawaru
Qazlal
Uskayaw
Wu Jian
Xom
Zin
The Shining One


Innate Abilities, Weirdness & Mutations

You have claws for hands.
You are surrounded by a moderate repulsion field. (EV +3)


Message History

The wraith is almost destroyed.
You block the wraith's attack. The wraith hits you but does no damage.
Your chain mail prevents you from hitting the wraith.
The wraith is almost destroyed.
You block the wraith's attack. x2
You hit the wraith but do no damage.
The wraith is almost destroyed.
The wraith hits you!
* * * LOW HITPOINT WARNING * * *
The wraith drains your vigour!
You feel as though you will be slow longer.
The wraith closely misses you.
It was a potion of degeneration.
There was something very wrong with that liquid.
You feel weakened.
You feel dopey.
You feel clumsy.
The wraith hits you but does no damage. x2
Your chain mail prevents you from hitting the wraith.
The wraith is almost destroyed.
The wraith hits you.
You die...

##.....# #W# #...............#
##.8.8.#####▓###.###.......###.#
.'.......'.....'.#z#.......# #.#
##.8.8.#####▓###.###.......###.#
##.....# #z# #...............#
######## ### #.###..###..###.#
#.#.#..#z#..#.#.#
#.W##..###..##'.#
#@..............#
#################


You could see a wraith.

Vanquished Creatures
  A wraith (Ossuary)
  Purgy (Sewer)
  A scorpion (D:4)
  4 wights (Ossuary)
  A centaur zombie (Ossuary)
  4 orc priests
  Jessica (D:3)
  An orc wizard (D:3)
  A gnoll (D:1)
  4 adders
  A worm (D:3)
  3 dart slugs
  A leopard gecko (D:1)
  13 orcs
  2 ball pythons
  7 bats
  8 giant cockroaches
  9 goblins
  11 hobgoblins
  13 jackals
  13 kobolds
  2 ball python skeletons (Ossuary)
  11 frilled lizards
  3 hobgoblin skeletons (Ossuary)
  A hobgoblin zombie (Ossuary)
  An orc zombie (Ossuary)
  10 rats
128 creatures vanquished.

Notes
Turn   | Place    | Note
-------+----------+-------------------------------------------
     0 | D:1      | galech the Demonspawn Fighter began the quest for the Orb.
     0 | D:1      | Reached XP level 1. HP: 18/18 MP: 1/1
   348 | D:1      | Gained mutation: You have sharp fingernails. [demonic
                  | ancestry]
   348 | D:1      | Reached XP level 2. HP: 18/24 MP: 2/2
   463 | D:1      | Reached skill level 2 in Axes
   705 | D:1      | Gained mutation: You have very sharp fingernails. [demonic
                  | ancestry]
   705 | D:1      | Reached XP level 3. HP: 26/29 MP: 3/3
  1700 | D:2      | Gained mutation: You are surrounded by a mild repulsion
                  | field. (EV +2) [demonic ancestry]
  1700 | D:2      | Reached XP level 4. HP: 31/35 MP: 4/4
  1857 | D:2      | Reached skill level 3 in Axes
  2649 | D:2      | Found a hide-covered altar of Uskayaw.
  2807 | D:3      | Found a glowing drain.
  2889 | Sewer    | Entered a sewer
  2988 | Sewer    | Noticed Purgy
  3017 | Sewer    | Killed Purgy
  3017 | Sewer    | Reached skill level 1 in Dodging
  3017 | Sewer    | Gained mutation: You have claws for hands. [demonic
                  | ancestry]
  3017 | Sewer    | Reached XP level 5. HP: 11/42 MP: 5/5
  3402 | D:3      | Noticed Jessica
  3415 | D:3      | Killed Jessica
  3562 | D:3      | Gained mutation: You are surrounded by a moderate repulsion
                  | field. (EV +3) [demonic ancestry]
  3562 | D:3      | Reached XP level 6. HP: 31/48 MP: 6/6
  3695 | D:3      | Found a shattered altar of Ashenzari.
  3878 | D:3      | Reached skill level 4 in Axes
  4437 | D:4      | Found a staircase to the Ecumenical Temple.
  4446 | Temple   | Entered the Ecumenical Temple
  4450 | Temple   | Became a worshipper of Warmaster Okawaru
  4483 | D:4      | Found a sand-covered staircase.
  4501 | Ossuary  | Entered an ossuary
  4553 | Ossuary  | Reached XP level 7. HP: 20/54 MP: 7/7
  4881 | Ossuary  | Noticed a wraith
  4881 | Ossuary  | Noticed a flying skull
  4890 | Ossuary  | Noticed a flying skull
  4892 | Ossuary  | Noticed a flying skull
  4915 | Ossuary  | Noticed a flying skull
  4920 | Ossuary  | Noticed a wraith
  4933 | Ossuary  | Killed a wraith
  4933 | Ossuary  | Reached skill level 5 in Axes
  5369 | Ossuary  | Noticed a wraith
  5400 | Ossuary  | Slain by a wraith

Vault maps used:
D:1:      dpeg_arrival_round_b, st_stairs_6, minmay_pentomino_p4
D:2:      lemuel_coloured_pillars_altar, minmay_goblin_outpost
D:3:      cheibrodos_sewer_entry_drain, kennysheep_flooded_box, minivault_4,
          uniq_jessica
D:4:      minmay_temple_entry_sparse_star, nicolae_ossuary_entry_monument
Temple:   nicolae_temple_x_marks_the_god
Sewer:    kennysheep_door_sewer
Ossuary:  ossuary_due_cavern

Skill      XL: |  1  2  3  4  5  6  7 |
---------------+----------------------+-----
Armour         | 3 4 |  4.7
Axes           | 2 3 4 5 |  5.3
Shields        | 3 4 |  4.0
Dodging        | 1 |  1.4
Fighting       | 4 |  4.2
Stealth        | |  0.1

Action                   |  1- 3 |  4- 6 |  7- 9 || total
-------------------------+-------+-------+-------++-------
Melee: War axe           |   132 |   312 |    91 ||   535
  Use: Potion            |     1 |     1 |     4 ||     6
       Scroll            |       |     5 |       ||     5
  Eat: Chunk             |     3 |    10 |       ||    13
       Ration            |       |       |     1 ||     1
Armor: Scale mail        |    71 |    43 |       ||   114
       Chain mail        |       |   142 |    27 ||   169
Dodge: Dodged            |    49 |   107 |    27 ||   183
Block: Shield            |    71 |   164 |    40 ||   275

Table legend:
 A = Non-vault XP
 B = Vault XP
 C = Vault XP percentage of total XP
 D = Non-vault monster count
 E = Vault monster count
 F = Vault count percentage of total count
                 A         B        C        D         E       F
            +---------+---------+-------+---------+---------+-------
      Total |     491 |     685 |  58.2 |      93 |      35 |  27.3
            +---------+---------+-------+---------+---------+-------
        D:1 |      66 |       6 |   8.3 |      32 |       5 |  13.5
        D:2 |      68 |      11 |  13.9 |      24 |       6 |  20.0
        D:3 |     181 |      48 |  21.0 |      24 |       5 |  17.2
        D:4 |     176 |       0 |   0.0 |      13 |       0 |   0.0
      Sewer |       0 |     144 | 100.0 |       0 |       6 | 100.0
    Ossuary |       0 |     476 | 100.0 |       0 |      13 | 100.0
            +---------+---------+-------+---------+---------+-------
